 Dungeon Crawl Stone Soup version 0.28.0 (webtiles) character file.

Game seed: 15081926922089884196

10 SnakkuSnakku7 the Grave Robber (level 2, 0/19 HPs)
             Began as a Barachi Necromancer on Feb 14, 2022.
             Slain by a goblin (4 damage)
             ... on level 1 of the Dungeon.
             The game lasted 00:00:32 (574 turns).

SnakkuSnakku7 the Grave Robber (Barachi Necromancer) Turns: 574, Time: 00:00:33

Health: 0/19       AC:  2    Str:  9    XL:     2   Next: 20%
Magic:  1/5        EV: 12    Int: 15    God:
Gold:   11         SH:  0    Dex: 12    Spells: 4/5 levels left

rFire   . . .      SeeInvis .   (no weapon)
rCold   . . .      Faith    .   (no shield)
rNeg    . . .      Spirit   .   a - +0 robe
rPois   .          Reflect  .   (no helmet)
rElec   .          Harm     .   (no cloak)
rCorr   .          Rampage  .   (no gloves)
Will    .....                   (no boots)
Stlth   ++........              (no amulet)
HPRegen 0.06/turn               (no ring)
MPRegen 0.09/turn               (no ring)

@: slow
A: amphibious, slowness 1, strong legs 1, +LOS
a: Hop


You were on level 1 of the Dungeon.
You visited 1 branch of the dungeon, and saw 1 of its levels.

You collected 11 gold pieces.

Inventory:

Armour
 a - a +0 robe (worn)
Scrolls
 b - a scroll of enchant armour {unknown}
 c - a scroll of identify {unknown}


   Skills:
 - Level 2.1 Dodging
 - Level 1.7 Stealth
 - Level 2.1 Spellcasting
 + Level 4.1 Necromancy


You had 4 spell levels left.
You knew the following spells:

 Your Spells              Type           Power      Damage    Failure   Level
a - Pain                  Necr           56%        1d6       4%          1

Your spell library contained the following spells:

 Spells                   Type           Power      Damage    Failure   Level
 Animate Skeleton         Necr           28%        N/A       4%          1
 Vampiric Draining        Necr           14%        2d7       12%         3
 Ensorcelled Hibernation  Hex/Ice        2%         N/A       32%         2
 Passwall                 Tmut/Erth      0%         N/A       32%         2
 Animate Dead             Necr           7%         N/A       36%         4
 Swiftness                Air            1%         N/A       54%         3
 Agony                    Necr           14%        N/A       73%         5


Dungeon Overview and Level Annotations

Branches:
Dungeon (1/15)

Altars:


Innate Abilities, Weirdness & Mutations

You are amphibious.
You cover ground slowly.
You can hop short distances.
You have an extended range of vision and can be seen from far away.


Message History

Unknown command.
You closely miss the ball python. The ball python barely misses you. x2
Aiming: Pain (safe; 4% risk of failure)
Press: ? - help, Q - select action, (/) - cycle Shift-Dir - straight line, f/p - ball python
Aim: a ball python (chance to affect: 83%)
The ball python writhes in agony.
The kobold shouts!
The ball python bites you. The ball python grabs you.
The ball python constricts you.
Aiming: Pain (safe; 4% risk of failure)
Press: ? - help, Q - select action, (/) - cycle Shift-Dir - straight line, f/p - ball python
Aim: a ball python (heavily wounded, constricting you, chance to affect: 83%)
The ball python barely resists.
The ball python bites you. The ball python constricts you.
Unknown command.
Aiming: Pain (safe; 4% risk of failure)
Press: ? - help, Q - select action, (/) - cycle Shift-Dir - straight line, f/p - ball python
Aim: a ball python (heavily wounded, constricting you, chance to affect: 83%)
The ball python writhes in agony.
The ball python bites you. The ball python constricts you.
Unknown command.
Aiming: Pain (safe; 4% risk of failure)
Press: ? - help, Q - select action, (/) - cycle Shift-Dir - straight line, f/p - ball python
Aim: a ball python (severely wounded, constricting you, chance to affect: 83%)
The ball python writhes in agony.
You kill the ball python!
The kobold closely misses you.
The kobold throws a stone.
The stone barely misses you.
The kobold throws a stone.
The stone closely misses you.
The kobold throws a stone.
The stone hits you but does no damage.
There is an open door here.
The goblin shouts!
The goblin hits you with a +0 club.
* * * LOW HITPOINT WARNING * * *
The kobold throws a stone.
The stone hits you.
* * * LOW HITPOINT WARNING * * *
The goblin barely misses you.
There is an open door here.
The goblin hits you with a +0 club.
You die...

.................#....# #.>.
.....⌠...........#....# #..#
.................#....# #..#
#8##...##8###8#..#....###..#
## #...#### ###..'....'....+
#8...8 #.#K#....###..#
##...# #.#.#....# #..# #...#
#.#g#....# #..# #...#
#.#@#....# #..# #.#.#....#
#..# #.#.#....# #.$#
#[...... ...# #.#####.#.#.#
#.# g.. .# #.# #.# #.#


You could see a goblin and a kobold.

Vanquished Creatures
  2 ball pythons (D:1)
  A bat (D:1)
  An endoplasm (D:1)
  A goblin (D:1)
  2 jackals (D:1)
  A rat (D:1)
8 creatures vanquished.

Notes
Turn   | Place    | Note
-------+----------+-------------------------------------------
     0 | D:1      | SnakkuSnakku7 the Barachi Necromancer began the quest for
                  | the Orb.
     0 | D:1      | Reached XP level 1. HP: 13/13 MP: 3/3
   401 | D:1      | Reached skill level 4 in Necromancy
   401 | D:1      | Reached XP level 2. HP: 14/19 MP: 1/5
   574 | D:1      | Slain by a goblin

Illustrated notes

Levels and vault maps discovered:
D:1:      saegor_arrival_under_anarchy, layout_basic, serial_corexii_hall,
          corexii_hall_statues_x, corexii_hall_statues_i,
          chequers_hall_statues_wall_a, corexii_hall_statues_deadend,
          corexii_hall_statues_i, chequers_hall_statues_corner_a

Skill      XL: |  1 |
---------------+----+-----
Necromancy     | 4 |  4.1
Dodging        | |  2.1
Stealth        | |  1.7
Spellcasting   | |  2.1

Action                   || total
-------------------------++-------
Melee: Unarmed           ||    15
 Cast: Pain              ||    14
Armor: Robe              ||     4
Dodge: Dodged            ||    25
